 Dungeon Crawl Stone Soup version 0.32-a0-841-g4648e6c457 (webtiles) character file.

Game seed: 4961484701716307322

2276 BubbleThief the Toxicologist (level 9, -4/78 HPs)
             Began as a Naga Alchemist on Mar 26, 2024.
             Was a Follower of Vehumet.
             Slain by a two-headed ogre
             ... wielding a +0 giant spiked club
              (19 damage)
             ... on level 7 of the Dungeon.
             The game lasted 00:16:41 (7887 turns).

BubbleThief the Toxicologist (Naga Alchemist)       Turns: 7887, Time: 00:16:41

Health: -4/78      AC: 11    Str: 11    XL:     9   Next: 39%
Magic:  12/19      EV:  8    Int: 20    God:    Vehumet [*.....]
Gold:   150        SH:  0    Dex: 11    Spells: 10/22 levels left

rFire   + . .        n - +0 short sword
rCold   . . .        (no shield)
rNeg    . . .        u - +2 leather armour {rF+}
rPois   +            (no helmet)
rElec   .            z - scarf {repulsion}
rCorr   .            d - +0 pair of gloves
SInv    +            (no barding)
Will    +....        (no amulet)
Stlth   ++           i - +4 ring of protection
HPRegen 0.33/turn    (no ring)
MPRegen 0.16/turn

%: repel missiles
@: short of breath, very slow
A: AC +3, large, see invisible, deformed body, poison resistance, slowness 2,
spit poison 1, naga tail 1
a: Spit Poison, Renounce Religion


You were on level 7 of the Dungeon.
You worshipped Vehumet.
Vehumet was aware of your devotion.
You visited 2 branches of the dungeon, and saw 8 of its levels.
You also visited: Ossuary.

You collected 366 gold pieces.
You spent 216 gold pieces at shops.

Inventory:

Hand Weapons
 n - a +0 short sword (weapon)
 y - a +2 heavy flail
Missiles
 j - 2 throwing nets
Armour
 d - a +0 pair of gloves (worn)
 u - a +2 leather armour of fire resistance (worn)
 z - a scarf of repulsion (worn)
Jewellery
 i - a +4 ring of protection (left hand)
 k - an amulet of faith
Scrolls
 c - 6 scrolls of identify
 e - a scroll of poison
 f - 5 scrolls of teleportation
 l - a scroll of amnesia
 r - 2 scrolls of vulnerability
 t - 2 scrolls of blinking
 v - 2 scrolls of enchant weapon
 w - a scroll of enchant armour
Potions
 a - a potion of brilliance {unknown}
 b - 2 potions of magic
 g - 2 potions of ambrosia {unknown}
 h - 2 potions of might {unknown}
 m - 3 potions of heal wounds {unknown}
 o - 2 potions of invisibility {unknown}
 p - 5 potions of enlightenment {unknown}
 q - 4 potions of curing
 s - 2 potions of cancellation {unknown}
 x - a potion of haste {unknown}


   Skills:
 + Level 4.1 Fighting
 - Level 1.5 Dodging
 - Level 3.0 Stealth
 + Level 7.1 Spellcasting
 - Level 1.0 Conjurations
 + Level 5.9 Fire Magic
 - Level 8.1 Alchemy


You had 10 spell levels left.
You knew the following spells:

 Your Spells              Type           Power      Damage    Failure   Level
a - Sting                 Conj/Alch      100%       1d9       1%          1
b - Mephitic Cloud        Conj/Alch/Air  19%        N/A       11%         3
c - Olgreb's Toxic Radia  Alch           39%        N/A       4%          4
d - Sticky Flame          Fire/Alch      35%        2d7       7%          4

Your spell library contained the following spells:

 Spells                   Type           Power      Damage    Failure   Level
 Sandblast                Erth           14%        2d6       12%         1
 Mercury Vapours          Alch/Air       46%        N/A       3%          2
 Magic Dart               Conj           44%        1d5       9%          1
 Volatile Blastmotes      Fire/Tloc      38%        2d13      11%         3
 Blink                    Tloc           14%        N/A       19%         2
 Call Imp                 Summ           14%        N/A       19%         2
 Jinxbite                 Hex            14%        N/A       19%         2
 Passwall                 Erth           7%         N/A       36%         3
 Yara's Violent Unravell  Hex/Alch       11%        3d6       54%         5
 Bombard                  Conj/Erth      4%         9d2       100%        6
 Enfeeble                 Hex            3%         N/A       100%        7


Dungeon Overview and Level Annotations

Branches:
Dungeon (7/15)             Temple (1/1) D:4         Ossuary (visited)

Altars:
Cheibriados
Dithmenos
Elyvilon
Fedhas
Gozag
Hepliaklqana
Kikubaaqudgha
Makhleb
Okawaru
Qazlal
Ru
Sif Muna
Trog
Vehumet
Wu Jian
Xom
Yredelemnul
Zin

Shops:
D:6 *

Annotations:
D:7 4 runed translucent doors


Innate Abilities, Weirdness & Mutations

Your serpentine skin is tough. (AC +3)
You have supernaturally acute eyesight. (SInv)
Armour fits poorly on your strangely shaped body.
Your system is resistant to poisons. (rPois)
You cover ground very slowly.
You can spit poison.
You have a snake-like lower body.


Message History

Press: ? - help, Shift-Dir - straight line, f/p - two-headed ogre
Aim: a two-headed ogre, wielding a +0 giant spiked club and a +0 giant club (noxious fumes)
The sticky flame hits the two-headed ogre.
The two-headed ogre is lightly wounded.
The two-headed ogre burns!
The scorpion is engulfed in noxious fumes.
The scorpion appears confused.
The two-headed ogre is engulfed in noxious fumes.
The two-headed ogre appears confused.
The two-headed ogre hits you with a +0 giant spiked club!!
The two-headed ogre hits you with a +0 giant club!
You hit the two-headed ogre.
The two-headed ogre is moderately wounded.
The two-headed ogre burns!
The scorpion is engulfed in noxious fumes.
The scorpion appears confused.
The scorpion stings the two-headed ogre but does no damage.
The two-headed ogre is engulfed in noxious fumes.
The two-headed ogre closely misses the scorpion.
The two-headed ogre hits the scorpion with a +0 giant club!!
The scorpion is killed!
Vehumet accepts your kill.
You feel your power returning.
Aiming: Spit Poison (1% risk of failure)
Press: ? - help, Shift-Dir - straight line, f/p - two-headed ogre
Aim: a two-headed ogre, wielding a +0 giant spiked club and a +0 giant club (noxious fumes, heavily wounded, confused, covered in liquid flames, 98% to hit)
The splash of poison hits the two-headed ogre.
The two-headed ogre is poisoned.
The two-headed ogre is heavily wounded.
The two-headed ogre burns!
Unknown command.
You hit the two-headed ogre.
The two-headed ogre is severely wounded.
The two-headed ogre burns!
The two-headed ogre is engulfed in noxious fumes.
The two-headed ogre appears confused.
The two-headed ogre hits you with a +0 giant spiked club!!
* * * LOW HITPOINT WARNING * * *
The two-headed ogre hits you with a +0 giant club!!
You die...

#######.##*,**,,,,* #ß....ß#.#*,,
#######.##*,,****** #)(...!#.#*,,
#######.##*,,****** #!....)#.#*,,
#######.##*.#*,*,,* *ß....ß#.#,,,
######...##^#,**,#####ßO.ß##.#,,,
######...#..#,*,##.'.##++##..#.,,
............#,,,#)##.....).....,,
.........#..#.####.#.##.##.....,,
.........#*.##○O@.##.##.##.....,,
...<.....##..######..##........,,
[..............,........†#.....,,
.......#.###.,.,..######.#,....,,
######.#...,***,.........#**###**
###....###..,,*.#######..########
###.######.#*,..,,#..............
###.# *,**,,,,...###..########
....# *,**,*,*#,,,,#..#


You could see a two-headed ogre (confused, burning, poisoned).

Vanquished Creatures
  A steam dragon (D:6)
  Edmund (D:5)
  A water moccasin (D:6)
  A sky beast (D:7)
  2 orc warriors
  3 ogres
  A phantom (D:7)
  A weeping skull (Ossuary)
  3 bullfrogs (D:7)
  2 scorpions
  4 water moccasin zombies (Ossuary)
  5 bombardier beetles
  A hound (D:6)
  A jelly (D:7)
  A spectral scorpion (Ossuary)
  A gnoll bouda (D:7)
  2 orc priests
  An iguana (D:5)
  Terence (D:2)
  A sleepcap (D:6)
  An orc wizard (D:4)
  2 crocodile zombies (Ossuary)
  2 mummies (Ossuary)
  5 adders
  2 white imps (D:6)
  2 ufetubi (D:5)
  5 adder zombies (Ossuary)
  A ribbon worm (D:4)
  4 dart slugs
  18 orcs
  5 ball pythons
  3 bats (D:1)
  6 endoplasms
  4 giant cockroaches
  8 gnoll zombies (Ossuary)
  4 goblins
  8 hobgoblins
  7 jackals
  5 kobolds
  3 quokkas (D:1)
  2 frilled lizards
  5 jackal zombies (Ossuary)
  3 orc zombies (Ossuary)
  5 rats
144 creatures vanquished.

Notes
Turn   | Place    | Note
-------+----------+-------------------------------------------
     0 | D:1      | BubbleThief the Naga Alchemist began the quest for the Orb.
     0 | D:1      | Reached XP level 1. HP: 15/15 MP: 3/3
    61 | D:1      | Reached skill level 4 in Alchemy
    61 | D:1      | Reached XP level 2. HP: 22/22 MP: 3/5
   528 | D:1      | You fall into a shaft and drop 1 floor!
   762 | D:1      | Reached XP level 3. HP: 28/28 MP: 6/6
  1272 | D:2      | Noticed Terence
  1283 | D:2      | Killed Terence
  1284 | D:2      | Reached XP level 4. HP: 9/36 MP: 1/8
  1449 | D:2      | Reached skill level 5 in Alchemy
  2024 | D:3      | Found a snail-covered altar of Cheibriados.
  2182 | D:3      | Found a faded altar of an unknown god.
  2297 | D:3      | Learned a level 3 spell: Mephitic Cloud
  2302 | D:3      | Learned a level 4 spell: Olgreb's Toxic Radiance
  2323 | D:3      | Reached XP level 5. HP: 13/42 MP: 4/10
  2573 | D:3      | Identified the +3 quarterstaff "Kirali" {freeze, +Blink
                  | Dex-4 SInv}
  2755 | D:4      | Reached skill level 6 in Alchemy
  2755 | D:4      | Reached XP level 6. HP: 49/49 MP: 5/12
  2761 | D:4      | Learned a level 4 spell: Sticky Flame
  2891 | D:4      | Found a staircase to the Ecumenical Temple.
  2912 | Temple   | Entered the Ecumenical Temple
  2935 | Temple   | Became a worshipper of Vehumet
  3355 | D:4      | Reached skill level 1 in Fire Magic
  3674 | D:5      | Entered Level 5 of the Dungeon
  3792 | D:5      | Reached XP level 7. HP: 55/55 MP: 7/14
  4203 | D:6      | Noticed a steam dragon
  4219 | D:6      | Killed a steam dragon
  4220 | D:6      | Reached skill level 5 in Spellcasting
  4220 | D:6      | Reached skill level 7 in Alchemy
  4557 | D:6      | Found Tovuv's General Store.
  4571 | D:6      | Bought a scroll of enchant weapon for 90 gold pieces
  4571 | D:6      | Bought a scroll of enchant armour for 90 gold pieces
  4571 | D:6      | Bought a potion of curing for 36 gold pieces
  4668 | D:6      | Reached XP level 8. HP: 57/62 MP: 7/16
  5633 | D:5      | Noticed Edmund
  5650 | D:5      | Killed Edmund
  5651 | D:5      | Reached skill level 8 in Alchemy
  6044 | D:5      | Reached skill level 1 in Fighting
  6657 | D:7      | Found a large runed translucent door.
  6657 | D:7      | Found a large runed translucent door.
  6663 | D:7      | Found a large runed translucent door.
  6663 | D:7      | Found a large runed translucent door.
  6664 | D:7      | Noticed a shadow
  6664 | D:7      | Noticed a two-headed ogre
  6761 | D:7      | Found a sand-covered staircase.
  6767 | Ossuary  | Entered an ossuary
  6897 | Ossuary  | Reached * piety under Vehumet
  6897 | Ossuary  | Offered knowledge of Sandblast by Vehumet.
  7207 | Ossuary  | Reached skill level 5 in Fire Magic
  7332 | Ossuary  | Reached XP level 9. HP: 69/70 MP: 18/18
  7786 | D:7      | Found a shadowy altar of Dithmenos.
  7786 | D:7      | Found an opulent altar of Gozag.
  7786 | D:7      | Found a glowing silver altar of Zin.
  7786 | D:7      | Found a hazy altar of Hepliaklqana.
  7880 | D:7      | Noticed a two-headed ogre
  7887 | D:7      | Slain by a two-headed ogre

Illustrated notes

Levels and vault maps discovered:
D:1:      ldierk_walled_garden, layout_basic
D:2:      layout_basic, minivault_25, uniq_terence
D:3:      layout_loops_ring, kennysheep_slug_shrine,
          ebering_ecumenical_altar_sacrificial
D:4:      layout_cave_pods, minmay_temple_entry_mini_moons
D:5:      layout_layer_cave, uniq_edmund
D:6:      layout_layer_cave, serial_shops, nicolae_shop_advertising_works
          [nicolae_subvault_shop_adworks]
D:7:      layout_basic, mainiacjoe_overflow_24_doors,
          chequers_temple_overflow_statue_of_worship, enter_ossuary_1,
          minmay_hollow_rounded_squares
Temple:   nicolae_temple_figure_eight

Skill      XL: |  1  2  3  4  5  6  7  8  9 |
---------------+----------------------------+-----
Alchemy        | 4 5 6 7 8 |  8.1
Spellcasting   | 3 4 5 6 7 |  7.1
Fire Magic     | 1 3 5 |  5.9
Fighting       | 2 4 |  4.1
Dodging        | |  1.5
Stealth        | |  3.0
Conjurations   | |  1.0

Action                     |  1- 3 |  4- 6 |  7- 9 || total
---------------------------+-------+-------+-------++-------
  Melee: Unarmed           |     2 |       |       ||     2
         Short sword       |       |    28 |   213 ||   241
         Flail             |       |       |     4 ||     4
   Cast: Sting             |    35 |    33 |    11 ||    79
         Olgreb's Toxic Ra |       |     8 |    15 ||    23
         Mephitic Cloud    |       |     3 |     8 ||    11
         Sticky Flame      |       |       |    36 ||    36
Ability: Spit Poison       |    28 |    31 |    20 ||    79
    Use: Scroll            |       |       |     9 ||     9
   Stab: Confused          |       |       |     2 ||     2
         Sleeping          |       |       |     2 ||     2
 Armour: Robe              |    22 |    23 |       ||    45
         Leather armour    |       |    16 |   196 ||   212
  Dodge: Dodged            |    10 |    30 |    76 ||   116

Table legend: (Time is in decaauts)
 A = Elapsed time spent in this place.
 B = Non-inter-level travel time spent in this place.
 C = Inter-level travel time spent in this place.
 D = Time resting spent in this place.
 E = Time spent auto-exploring this place.
 F = Levels seen in this place.
 G = Mean time per level.
                   A        B        C        D        E       F      G
               +--------+--------+--------+--------+--------+-----+--------+
         Total |   9874 |   9438 |    436 |    429 |   7630 |   9 | 1097.1 |
       Dungeon |   9028 |   8646 |    382 |     12 |   7557 |   7 | 1289.7 |
        Temple |     61 |      8 |     53 |      0 |      0 |   1 |   61.0 |
       Ossuary |    784 |    784 |      0 |    417 |     72 |   1 |  784.0 |
               +--------+--------+--------+--------+--------+-----+--------+

Top non-repeatable levels by time:
     D:6: 1982 daAuts
     D:5: 1799 daAuts
     D:1: 1505 daAuts
     D:4: 1165 daAuts
     D:3: 1048 daAuts
     D:2: 970 daAuts
 Ossuary: 784 daAuts
     D:7: 556 daAuts
  Temple: 61 daAuts
